[Event "Early-Titled-Tuesday-Blitz-May-28-2024"]
[Site "Chess.com"]
[Date "2024.05.28"]
[Round "5"]
[White "Zq1"]
[Black "Tol_Tol"]
[Result "1-0"]
[WhiteElo "2553"]
[BlackElo "2384"]
[TimeControl "180+1"]
[EndTime "8:52:42 PDT"]
[Termination "Zq1 won by checkmate"]

1. d4 Nf6 2. c4 g6 3. Nc3 Bg7 4. e4 O-O 5. Nf3 d6 6. Be2 e5 7. O-O Nc6 8. d5 Ne7 9. Ne1 c5 10. Nd3 Nd7 11. Be3 f5 12. f3 f4 13. Bf2 g5 14. a3 Ng6 15. b4 b6 16. bxc5 bxc5 17. Rb1 Nf6 18. Nxc5 dxc5 19. Bxc5 Rf7 20. Bf2 Bf8 21. c5 h5 22. Bc4 Kh7 23. d6 Rg7 24. Nd5 g4 25. Kh1 g3 26. hxg3 fxg3 27. Bxg3 h4 28.
Bh2 Nh5 29. f4 Ng3+ 30. Bxg3 hxg3 31. Qh5+ Kg8 32. Nf6# 1-0

[Event "Early-Titled-Tuesday-Blitz-May-28-2024"]
[Site "Chess.com"]
[Date "2024.05.28"]
[Round "5"]
[White "salomez"]
[Black "Orest_Vovk"]
[Result "1-0"]
[WhiteElo "2328"]
[BlackElo "2522"]
[TimeControl "180+1"]
[EndTime "8:52:52 PDT"]
[Termination "salomez won by resignation"]

1. e4 g5 2. d4 g4 3. Nc3 Bg7 4. Be3 h5 5. h3 d6 6. Qd2 c6 7.
hxg4 hxg4 8. Rxh8 Bxh8 9. Nge2 Qa5 10. Ng3 Nd7 11. Be2 Ngf6 12. O-O-O b5 13. Rh1 Bg7 14. Bh6 Bxh6 15. Rxh6 Kd8 16. Rh8+ Kc7 17. Nd5+ Nxd5 18. Qxa5+ N5b6 19. Bxg4 1-0

[Event "Early-Titled-Tuesday-Blitz-May-28-2024"]
[Site "Chess.com"]
[Date "2024.05.28"]
[Round "5"]
[White "Cheer_Down"]
[Black "SoCalJuniorChess"]
[Result "0-1"]
[WhiteElo "2481"]
[BlackElo "2243"]
[TimeControl "180+1"]
[EndTime "8:53:10 PDT"]
[Termination "SoCalJuniorChess won by resignation"]

1. e4 d5 2. exd5 Qxd5 3. d4 e5 4. Nf3 Bg4 5. c4 Bxf3 6. gxf3 Qxd4 7. Bd3 Bb4+ 8. Kf1 Nc6 9. Be3 Qxb2 10. Nd2 Bxd2 11. Bxd2 O-O-O 12. Ke2 Nd4+ 13. Ke3 Ne7 14. Rb1 Nef5+ 15. Bxf5+ Nxf5+ 16. Ke2 Nd4+ 17. Kf1 Qxa2 18. Qc1 Nxf3 19. Be3 Nd2+ 20. Bxd2 Qxd2 21. Qxd2 Rxd2 0-1

[Event "Early-Titled-Tuesday-Blitz-May-28-2024"]
[Site "Chess.com"]
[Date "2024.05.28"]
[Round "5"]
[White "DonPreuss"]
[Black "pfalcon1949"]
[Result "1-0"]
[WhiteElo "2263"]
[BlackElo "1910"]
[TimeControl "180+1"]
[EndTime "8:53:16 PDT"]
[Termination "DonPreuss won on time"]

1. d4 d5 2. e4 e6 3. Nc3 Bb4 4. exd5 exd5 5. Bd3 Nf6 6. Ne2 O-O 7. O-O Nc6 8. Ng3 Bg4 9. f3 Be6 10. f4 Nxd4 11.
f5 Bd7 12. Bg5 b6 13. Nxd5 Bc5 14. Kh1 Kh8 15. Nxf6 gxf6 16. Bh6 Rg8 17. Qh5 Bc6 18. Qh4 1-0

[Event "Early-Titled-Tuesday-Blitz-May-28-2024"]
[Site "Chess.com"]
[Date "2024.05.28"]
[Round "5"]
[White "juancruzarias"]
[Black "TigrVShlyape"]
[Result "0-1"]
[WhiteElo "2676"]
[BlackElo "2911"]
[TimeControl "180+1"]
[EndTime "8:53:32 PDT"]
[Termination "TigrVShlyape won by resignation"]

1. e4 c5 2. Nc3 e6 3. g3 a6 4. a4 b6 5. Bg2 Bb7 6. d3 Nc6 7. Nge2 Nge7 8. O-O Ng6 9. f4 Be7 10. f5 Nge5 11. Nf4 g6 12. Kh1 h5 13. fxg6 fxg6 14.
h4 Qc7 15. Nh3 O-O-O 16. Bf4 Bd6 17. Ng5 Rdf8 18. Qd2 Kb8 19. Ne2 Ka8 20. Ng1 Nd4 21. Rae1 Ng4 22. c3 Bxf4 23. gxf4 Nb3 24. Qd1 Rxf4 25. Rxf4 Qxf4 0-1

[Event "Early-Titled-Tuesday-Blitz-May-28-2024"]
[Site "Chess.com"]
[Date "2024.05.28"]
[Round "5"]
[White "rookpower2004"]
[Black "DonJuanEGenaro"]
[Result "1/2-1/2"]
[WhiteElo "2478"]
[BlackElo "2011"]
[TimeControl "180+1"]
[EndTime "8:53:34 PDT"]
[Termination "Game drawn by repetition"]

1. e4 c5 2. Nf3 Nc6 3. d4 cxd4 4. Nxd4 Nf6 5. Nc3 d6 6. f4 e5 7. Nf3 exf4 8. Bxf4 Be7 9. Bd3 O-O 10. O-O Qb6+ 11. Kh1 Qxb2 12. Nb5 Bg4 13. a4 Ne5 14. Rb1 Qa2 15. Ra1 Qb2 16. Rb1 Qa2 17. Ra1 Qb2 1/2-1/2

[Event "Early-Titled-Tuesday-Blitz-May-28-2024"]
[Site "Chess.com"]
[Date "2024.05.28"]
[Round "5"]
[White "ChrisTool2"]
[Black "FMStan15"]
[Result "1-0"]
[WhiteElo "2389"]
[BlackElo "2144"]
[TimeControl "180+1"]
[EndTime "8:53:37 PDT"]
[Termination "ChrisTool2 won by checkmate"]

1. d4 Nf6 2. c4 g6 3. f3 d6 4.
e4 Bg7 5. Nc3 O-O 6. Nge2 e5 7.
d5 c6 8. Bg5 cxd5 9. cxd5 a6 10. a4 h6 11. Be3 g5 12. Qd2 Nh5 13. h4 Nf4 14. hxg5 hxg5 15. g3 Nxe2 16. Bxe2 f6 17. a5 Kf7 18. f4 exf4 19. Bh5+ Kg8 20. gxf4 Qe7 21. Qh2 g4 22. Bg6 Rd8 23. Qh7+ Kf8 24. f5 Qe5 25. Bh6 Qg3+ 26. Kd2 Qg2+ 27. Kd3 Qf3+ 28. Kc4 b5+ 29. axb6 Bxh6 30. Qf7# 1-0

[Event "Early-Titled-Tuesday-Blitz-May-28-2024"]
[Site "Chess.com"]
[Date "2024.05.28"]
[Round "5"]
[White "francyIM"]
[Black "Galileo22"]
[Result "1-0"]
[WhiteElo "2815"]
[BlackElo "2619"]
[TimeControl "180+1"]
[EndTime "8:53:38 PDT"]
[Termination "francyIM won by resignation"]

1. e4 d5 2. exd5 Qxd5 3. Nf3 Bg4 4. Be2 Nf6 5. h3 Bh5 6. Nc3 Qd6 7. d4 c6 8. g4 Bg6 9. Ne5 Nbd7 10.
Bf4 Qb4 11. Nc4 Ne4 12. a3 Nxc3 13. Qd2 Nxe2 14. axb4 Nxf4 15. Qxf4 Bxc2 16. Qc7 Be4 17.
Rxa7 Rd8 18. O-O Bd3 19. Rc1 e6 20. Ne5 Ba6 21. Nxc6 1-0

[Event "Early-Titled-Tuesday-Blitz-May-28-2024"]
[Site "Chess.com"]
[Date "2024.05.28"]
[Round "5"]
[White "Kunalm64"]
[Black "DenLaz"]
[Result "0-1"]
[WhiteElo "2670"]
[BlackElo "3107"]
[TimeControl "180+1"]
[EndTime "8:53:40 PDT"]
[Termination "DenLaz won by resignation"]

1. e4 c5 2. Nf3 e6 3. d4 cxd4 4. Nxd4 Nc6 5. Nc3 Qc7 6. Be2 a6 7. O-O Nf6 8. Be3 Be7 9. f4 d6 10. Qe1 O-O 11. Qg3 Bd7 12. a3 b5 13. Nxc6 Bxc6 14. Bd3 Nd7 15. Rae1 Rab8 16. Kh1 a5 17. Bd2 Bf6 18. e5 dxe5 19. fxe5 Bxe5 20. Qh3 f5 21. Re2 b4 22. axb4 axb4 23. Nd1 Nc5 24. Bc4 Bb5 25. Bxb5 Rxb5 26. Nf2 Bxb2 27. Rb1 Bd4 28. Nd3 Ne4 29. Nxb4 Qc4 30. Qd3 Qxd3 31. cxd3 Nxd2 32. Rxd2 Rfb8 0-1

[Event "Early-Titled-Tuesday-Blitz-May-28-2024"]
[Site "Chess.com"]
[Date "2024.05.28"]
[Round "5"]
[White "H3nriqueTV"]
[Black "ChessShop"]
[Result "0-1"]
[WhiteElo "2368"]
[BlackElo "2667"]
[TimeControl "180+1"]
[EndTime "8:53:48 PDT"]
[Termination "ChessShop won by checkmate"]

1. e4 e5 2. Nf3 d6 3. Nc3 Be7 4. d4 exd4 5. Nxd4 Nf6 6. Bc4 O-O 7. Bb3 Nc6 8. h3 Na5 9. O-O a6 10. Bg5 h6 11. Bh4 c5 12. Nde2 c4 13. Ba4 b5 14. b4 Nc6 15. Nxb5 axb5 16. Bxb5 Nxb4 17. a3 Na6 18. Bxc4 Be6 19. Bd3 Nc5 20. Nd4 Bd7 21. Re1 Ra4 22. Nf5 Bxf5 23. exf5 Rxh4 24. g4 Rxh3 25.
Kg2 Rh4 26. f3 d5 27. Kg3 Qd6+ 28. Kxh4 Qh2# 0-1

[Event "Early-Titled-Tuesday-Blitz-May-28-2024"]
[Site "Chess.com"]
[Date "2024.05.28"]
[Round "5"]
[White "Sondremelaa"]
[Black "Redbandit87"]
[Result "1-0"]
[WhiteElo "2580"]
[BlackElo "2422"]
[TimeControl "180+1"]
[EndTime "8:53:48 PDT"]
[Termination "Sondremelaa won by checkmate"]

1. d4 d5 2. Bf4 c5 3. e3 cxd4 4. exd4 Nc6 5. Nf3 f6 6. c4 g5 7.
Be3 g4 8. Nfd2 Bf5 9. cxd5 Qxd5 10. Nc3 Qd7 11. d5 Nb4 12. Bb5 Nc2+ 13. Kf1 Nxe3+ 14. fxe3 Bd3+ 15. Bxd3 Kf7 16. Nde4 Bh6 17. Nc5 Qc7 18. Ne6 Qe5 19. Qxg4 Qxe3 20. Qh5# 1-0

[Event "Early-Titled-Tuesday-Blitz-May-28-2024"]
[Site "Chess.com"]
[Date "2024.05.28"]
[Round "5"]
[White "jamesaltucher"]
[Black "GMthekingindian"]
[Result "1/2-1/2"]
[WhiteElo "2062"]
[BlackElo "2354"]
[TimeControl "180+1"]
[EndTime "8:53:48 PDT"]
[Termination "Game drawn by repetition"]

1. e4 c5 2. Nc3 e6 3. f4 d5 4. Nf3 Nc6 5. Bb5 dxe4 6. Bxc6+ bxc6 7. Nxe4 Nf6 8. d3 Be7 9. b3 Nd5 10. Bb2 Nxf4 11. O-O f6 12. Qd2 e5 13. Nxe5 fxe5 14.
Bxe5 O-O 15. Bxf4 Qd4+ 16. Be3 Qd5 17. Rxf8+ Bxf8 18. Rf1 Bd7 19. c4 Qe5 20. Bf4 Qd4+ 21. Be3 Qe5 22. Bf4 Qd4+ 23. Be3 Qe5 1/2-1/2

[Event "Early-Titled-Tuesday-Blitz-May-28-2024"]
[Site "Chess.com"]
[Date "2024.05.28"]
[Round "5"]
[White "RedFirePanda"]
[Black "RantomOpening"]
[Result "1-0"]
[WhiteElo "2447"]
[BlackElo "2564"]
[TimeControl "180+1"]
[EndTime "8:53:53 PDT"]
[Termination "RedFirePanda won by resignation"]

1. d4 d5 2. Bf4 Nf6 3. e3 e6 4. Nd2 Bd6 5. Bxd6 Qxd6 6. c3 O-O 7. Ngf3 Nbd7 8. Bd3 c5 9. O-O b5 10. Bxb5 Rb8 11. Ba4 Rxb2 12. Bb3 c4 13. Bxc4 dxc4 14. Nxc4 Qb8 15. Nxb2 Qxb2 16. Qb3 Qe2 17. c4 Nb6 18. Rfc1 Ba6 19. Rc2 Bxc4 20. Rxe2 Bxe2 21. Rc1 h6 22. Ne5 Ba6 23. Rc7 Ra8 24. h3 Rf8 25. Rxa7 Be2 26. Qxb6 1-0

[Event "Early-Titled-Tuesday-Blitz-May-28-2024"]
[Site "Chess.com"]
[Date "2024.05.28"]
[Round "5"]
[White "HighLawView"]
[Black "Felix-Rose"]
[Result "1-0"]
[WhiteElo "2071"]
[BlackElo "2298"]
[TimeControl "180+1"]
[EndTime "8:53:54 PDT"]
[Termination "HighLawView won by resignation"]

1. e4 e5 2. Nf3 Nc6 3. Bc4 Nf6 4. Ng5 d5 5. exd5 Na5 6. Bb5+ c6 7. dxc6 bxc6 8. Bd3 Nd5 9. Ne4 f5 10. Nec3 Nf4 11.
O-O Nxd3 12. cxd3 Bd6 13. d4 exd4 14. Re1+ Be7 15. Ne2 c5 16. d3 O-O 17. Bd2 Nc6 18.
Na3 Bb7 19. Qb3+ Kh8 20. Qxb7 Ne5 21. Nf4 Qd6 22. Qd5 1-0

[Event "Early-Titled-Tuesday-Blitz-May-28-2024"]
[Site "Chess.com"]
[Date "2024.05.28"]
[Round "5"]
[White "Grebeniuk-S"]
[Black "Maluco_do_Natal_00"]
[Result "1-0"]
[WhiteElo "2642"]
[BlackElo "2041"]
[TimeControl "180+1"]
[EndTime "8:53:56 PDT"]
[Termination "Grebeniuk-S won by resignation"]

1. d4 d5 2. c4 c6 3. cxd5 cxd5 4. Bf4 Nc6 5. e3 Nf6 6. Bd3 a6 7. Nc3 Bg4 8. Nge2 e6 9. Rc1 Rc8 10. Qb3 b5 11. Nxb5 axb5 12. Bxb5 Qa5+ 13. Kf1 Bxe2+ 14. Kxe2 Kd7 15. Bxc6+ Rxc6 16. Qb7+ 1-0

[Event "Early-Titled-Tuesday-Blitz-May-28-2024"]
[Site "Chess.com"]
[Date "2024.05.28"]
[Round "5"]
[White "Kors67"]
[Black "Squirlolz"]
[Result "0-1"]
[WhiteElo "2267"]
[BlackElo "2535"]
[TimeControl "180+1"]
[EndTime "8:53:57 PDT"]
[Termination "Squirlolz won by resignation"]

1. e4 e6 2. d4 d5 3. exd5 exd5 4. Bd3 Nc6 5. c3 Be6 6. h3 Qd7 7. Qf3 O-O-O 8. Ne2 Bd6 9. O-O h5 10. Bf4 Nge7 11.
Nd2 g5 12. Bxg5 Rdg8 13. Qf6 Bxh3 14. gxh3 Rxg5+ 15. Qxg5 Rg8 16. Qxg8+ Nxg8 17. Kg2 Nf6 18. Ng3 Ne7 19. Nf3 Bxg3 20. fxg3 Ne4 21. Ne5 Qe6 22.
Rxf7 c6 23. Raf1 Ng6 24. Nxg6 Qxg6 25. R7f4 Qxg3+ 26. Kh1 Qxh3+ 27. Kg1 Qg3+ 28. Kh1 Qh3+ 29. Kg1 Qxd3 30. R1f3 Qd2 31. Rf7 Ng5 32. Rf8+ Kc7 33. Rg3 h4 0-1

[Event "Early-Titled-Tuesday-Blitz-May-28-2024"]
[Site "Chess.com"]
[Date "2024.05.28"]
[Round "5"]
[White "zozik"]
[Black "Glidzhian_Gor"]
[Result "0-1"]
[WhiteElo "2326"]
[BlackElo "2549"]
[TimeControl "180+1"]
[EndTime "8:54:06 PDT"]
[Termination "Glidzhian_Gor won by resignation"]

1. d4 c5 2. Nf3 Nf6 3. g3 e6 4.
Bg2 d5 5. O-O Be7 6. c4 O-O 7.
cxd5 exd5 8. Nc3 cxd4 9. Nxd4 Nc6 10. Bg5 h6 11. Bf4 Re8 12. Rc1 Bg4 13. Qd2 Bb4 14. Rfe1 Ne4 15. Bxe4 Rxe4 16. Nxc6 bxc6 17. a3 Bxc3 18. Rxc3 Bd7 19. f3 Re6 20. e4 dxe4 21. Rd1 exf3 22. Qxd7 Re1+ 23. Rxe1 Qxd7 24. Rxf3 Re8 25.
Rxe8+ Qxe8 26. Rf2 Qe4 27. Rd2 g5 0-1

[Event "Early-Titled-Tuesday-Blitz-May-28-2024"]
[Site "Chess.com"]
[Date "2024.05.28"]
[Round "5"]
[White "MrLion3000"]
[Black "Fernando_Offermann"]
[Result "1-0"]
[WhiteElo "2775"]
[BlackElo "2471"]
[TimeControl "180+1"]
[EndTime "8:54:08 PDT"]
[Termination "MrLion3000 won by resignation"]

1. e4 c5 2. Nf3 d6 3. d4 cxd4 4.
Nxd4 Nf6 5. Nc3 a6 6. h3 e6 7. g4 b5 8. g5 Nfd7 9. a3 Bb7 10. Bg2 Qc7 11. Be3 Nc6 12. f4 Nb6 13. Bf2 Rc8 14. f5 Nxd4 15. Qxd4 Nc4 16. fxe6 fxe6 17. Nd1 e5 18. Qd3 Be7 19. h4 O-O 20. O-O Rf4 21. b3 Nb6 22. Ne3 g6 23. Bg3 Rxf1+ 24. Rxf1 Qc5 25.
Kh2 Qc3 26. Qe2 Rf8 27. Rxf8+ Kxf8 28. Ng4 Bc8 29. Nh6 Be6 30. Qf2+ Kg7 31. Qxb6 1-0

[Event "Early-Titled-Tuesday-Blitz-May-28-2024"]
[Site "Chess.com"]
[Date "2024.05.28"]
[Round "5"]
[White "Casper"]
[Black "WolfBaoBaoLang"]
[Result "0-1"]
[WhiteElo "2500"]
[BlackElo "2091"]
[TimeControl "180+1"]
[EndTime "8:54:10 PDT"]
[Termination "WolfBaoBaoLang won by checkmate"]

1. e4 Nf6 2. Qe2 e5 3. d4 exd4 4. Nf3 Nc6 5. Bg5 h6 6. e5 Bb4+ 7. c3 dxc3 8. exf6+ Kf8 9. bxc3 hxg5 10. fxg7+ Kxg7 11. cxb4 Re8 12. Nbd2 Rxe2+ 13. Bxe2 Qf6 14. O-O Nxb4 15. a3 Nd5 16. Bc4 Nf4 17. Ne4 Qc6 18. Bxf7 Qxe4 19. Ba2 g4 20. Rfe1 Ne2+ 21. Kf1 gxf3 22.
gxf3 Qxf3 23. Rxe2 Qh1# 0-1

[Event "Early-Titled-Tuesday-Blitz-May-28-2024"]
[Site "Chess.com"]
[Date "2024.05.28"]
[Round "5"]
[White "Alexchess1984"]
[Black "Chessbard1972"]
[Result "1-0"]
[WhiteElo "2618"]
[BlackElo "2409"]
[TimeControl "180+1"]
[EndTime "8:54:11 PDT"]
[Termination "Alexchess1984 won by resignation"]

1. d4 Nf6 2. Bf4 d5 3. e3 c5 4. Nd2 Nc6 5. c3 Qb6 6. Qb3 c4 7. Qc2 Bg4 8. Ngf3 e6 9. b3 Bf5 10. Qb2 Rc8 11. Nh4 Bg4 12. h3 Bh5 13. g4 Bg6 14. Nxg6 hxg6 15. Bg2 Be7 16. Rb1 cxb3 17. axb3 O-O 18. O-O Qd8 19. e4 dxe4 20. Nxe4 Nxe4 21. Bxe4 Bd6 22. Bxd6 Qxd6 23. Bg2 Qf4 24. Rbd1 Rfd8 25. Rfe1 b6 26. Re4 Qd6 27. Re3 b5 28. Qe2 a6 29.
Red3 Na5 30. Qa2 Qc7 31. Ra1 Nc6 32. Qxa6 Rb8 33. Qxc6 1-0

[Event "Early-Titled-Tuesday-Blitz-May-28-2024"]
[Site "Chess.com"]
[Date "2024.05.28"]
[Round "5"]
[White "Flaccidmoves"]
[Black "mr_gustavo"]
[Result "0-1"]
[WhiteElo "2486"]
[BlackElo "2727"]
[TimeControl "180+1"]
[EndTime "8:54:15 PDT"]
[Termination "mr_gustavo won by resignation"]

1. e4 e6 2. d4 d5 3. Nc3 dxe4 4. Nxe4 Bd7 5. Nf3 Bc6 6. Bd3 Nd7 7. O-O Ngf6 8. Nxf6+ Nxf6 9. Ne5 Qxd4 10. Nxc6 bxc6 11. Qf3 Qd5 12. Qg3 Bd6 13. Qxg7 Rg8 14. c4 Qh5 15. Qxg8+ Nxg8 16. g3 Nf6 17. Kg2 O-O-O 18. h3 Bc5 19.
Bc2 Qe5 20. Bf4 Qxb2 21. Ba4 e5 22. Rab1 Qxb1 23. Rxb1 exf4 24. Bxc6 Rd2 25. gxf4 Rxf2+ 26. Kg3 Rxa2 27. Kh4 h6 28. Rb3 Bf2+ 0-1

[Event "Early-Titled-Tuesday-Blitz-May-28-2024"]
[Site "Chess.com"]
[Date "2024.05.28"]
[Round "5"]
[White "Dexter_Dyke"]
[Black "betta2004"]
[Result "1-0"]
[WhiteElo "2460"]
[BlackElo "2585"]
[TimeControl "180+1"]
[EndTime "8:54:15 PDT"]
[Termination "Dexter_Dyke won by resignation"]

1. e4 e6 2. d4 d5 3. Nc3 Nf6 4.
Bg5 dxe4 5. Nxe4 Be7 6. Bxf6 gxf6 7. Nf3 a6 8. Qd2 b5 9. O-O-O Bb7 10. Ng3 Nd7 11.
Nh5 Nb6 12. Ng7+ Kf8 13. Qh6 Kg8 14. Nh5 Qf8 15. Nxf6+ Bxf6 16. Qxf6 Nd5 17. Qh4 Qb4 18. Ne5 Qa4 19. Rd3 Nb4 20. Rg3+ Kf8 21. Bd3 Qxa2 22. Qf6 Qa1+ 23. Kd2 1-0

[Event "Early-Titled-Tuesday-Blitz-May-28-2024"]
[Site "Chess.com"]
[Date "2024.05.28"]
[Round "5"]
[White "Pragmatist237"]
[Black "jup1978"]
[Result "0-1"]
[WhiteElo "2197"]
[BlackElo "2416"]
[TimeControl "180+1"]
[EndTime "8:54:16 PDT"]
[Termination "jup1978 won by resignation"]

1. d4 d5 2. Nf3 e6 3. c4 Nf6 4. Nc3 a6 5. cxd5 exd5 6. Bg5 Be6 7. e3 Nbd7 8. Bd3 Bd6 9. O-O h6 10. Bh4 c6 11. Bg3 Bxg3 12. hxg3 O-O 13. Rc1 c5 14. Bb1 Rc8 15. Ne5 cxd4 16. exd4 Qb6 17. Qd3 Rc7 18.
Nxd7 Rxd7 19. Na4 Qb4 20. Nc5 Re7 21. b3 a5 22. a3 Qxa3 23. Rfe1 b6 24. Nxe6 Rxe6 25.
Rxe6 Qxc1+ 0-1

[Event "Early-Titled-Tuesday-Blitz-May-28-2024"]
[Site "Chess.com"]
[Date "2024.05.28"]
[Round "5"]
[White "CarlosjPineror"]
[Black "Attacker_2006"]
[Result "1-0"]
[WhiteElo "2737"]
[BlackElo "2545"]
[TimeControl "180+1"]
[EndTime "8:54:18 PDT"]
[Termination "CarlosjPineror won by resignation"]

1. e4 c5 2. Nf3 Nf6 3. e5 Nd5 4. b3 d6 5. exd6 Qxd6 6. Bb2 Nc6 7. Bb5 Bg4 8. h3 Bh5 9. g4 Bg6 10. Ne5 f6 11. Nxc6 bxc6 12. Bc4 Be4 13. Rf1 Bg2 14. Nc3 Bxf1 15. Kxf1 Nb6 16. Ne4 Qh2 17. Qf3 Qc7 18. Be6 Rd8 19. Re1 c4 20. g5 Rd6 21. Nxd6+ Qxd6 22. gxf6 gxf6 23. Bxf6 Kd8 24. Bxh8 cxb3 25. axb3 Bh6 26.
Be5 Qxd2 27. Rd1 1-0

[Event "Early-Titled-Tuesday-Blitz-May-28-2024"]
[Site "Chess.com"]
[Date "2024.05.28"]
[Round "5"]
[White "C_K_G"]
[Black "ImportedItalianMaple"]
[Result "0-1"]
[WhiteElo "2306"]
[BlackElo "2535"]
[TimeControl "180+1"]
[EndTime "8:54:19 PDT"]
[Termination "ImportedItalianMaple won by resignation"]

1. e4 c5 2. Nf3 a6 3. d4 cxd4 4. Nxd4 Nf6 5. Nc3 e5 6. Nb3 Bb4 7. Bd3 d6 8. Bg5 Bxc3+ 9. bxc3 h6 10. Bh4 Be6 11. O-O g5 12. Bg3 Qc7 13. Qf3 Nbd7 14. h4 Qxc3 15. hxg5 hxg5 16. Qe3 Ke7 17. Qxg5 Rh5 18.
Qe3 Rah8 19. f4 Rh1+ 20. Kf2 Ng4+ 21. Kf3 Rxf1+ 22. Rxf1 Nxe3 23. Kxe3 Rg8 24. Bh4+ f6 25. fxe5 dxe5 26. g3 Rg6 0-1

[Event "Early-Titled-Tuesday-Blitz-May-28-2024"]
[Site "Chess.com"]
[Date "2024.05.28"]
[Round "5"]
[White "chessdjw"]
[Black "Engima32"]
[Result "1-0"]
[WhiteElo "2785"]
[BlackElo "2498"]
[TimeControl "180+1"]
[EndTime "8:54:21 PDT"]
[Termination "chessdjw won by resignation"]

1. e4 c5 2. Nf3 d6 3. d4 cxd4 4. Nxd4 Nf6 5. Nc3 a6 6. f3 e5 7. Nb3 Be6 8. Be3 Nbd7 9. Qd2 Qc7 10. O-O-O b5 11. g4 Nb6 12. g5 Nh5 13. Na5 Be7 14. Nd5 Bxd5 15. exd5 Rc8 16. Kb1 Nxd5 17. Qxd5 Qxa5 18.
Bh3 Rd8 19. Qc6+ Kf8 20. Bb6 Qb4 21. Bxd8 Bxd8 22. a3 Qh4 23. Qxd6+ 1-0

[Event "Early-Titled-Tuesday-Blitz-May-28-2024"]
[Site "Chess.com"]
[Date "2024.05.28"]
[Round "5"]
[White "Larina_Maria"]
[Black "mindprogress732"]
[Result "1-0"]
[WhiteElo "2385"]
[BlackElo "2151"]
[TimeControl "180+1"]
[EndTime "8:54:21 PDT"]
[Termination "Larina_Maria won by resignation"]

1. e4 e6 2. Nf3 d5 3. e5 c5 4. b4 Nc6 5. b5 Nd4 6. c3 Nf5 7. d4 cxd4 8. cxd4 Bb4+ 9. Bd2 Qa5 10. Bd3 Nge7 11. a3 Bxd2+ 12. Nbxd2 Bd7 13. Qb3 Rc8 14.
Qb2 Rc3 15. Bxf5 Nxf5 16. a4 O-O 17. O-O Rfc8 18. Nb3 Qb4 19. Ra3 a6 20. Rb1 Rxf3 21. gxf3 Rc3 22. Nc5 Qxb2 23. Rxb2 Rxa3 24. Nxd7 Nxd4 25.
bxa6 Nxf3+ 26. Kg2 Nh4+ 27. Kf1 g5 28. axb7 1-0

[Event "Early-Titled-Tuesday-Blitz-May-28-2024"]
[Site "Chess.com"]
[Date "2024.05.28"]
[Round "5"]
[White "JAN2404"]
[Black "KVAIDAN"]
[Result "1-0"]
[WhiteElo "1971"]
[BlackElo "2291"]
[TimeControl "180+1"]
[EndTime "8:54:21 PDT"]
[Termination "JAN2404 won by resignation"]

1. e4 e5 2. Nc3 Nf6 3. Bc4 Bb4 4. Nge2 O-O 5. d3 d5 6. exd5 Nxd5 7. O-O Nxc3 8.
bxc3 Bd6 9. Ng3 Nd7 10. f4 Nb6 11.
Bb3 a5 12. fxe5 Bxe5 13. Qh5 Bf6 14. a4 Be6 15. Ne4 Be5 16. Qxe5 Bxb3 17. cxb3 Nd5 18. Bb2 f5 19. c4 Nf6 20. Rxf5 Qxd3 21. Nxf6+ gxf6 22. Rxf6 Rxf6 23. Qxf6 Qg6 24. Qh8+ Kf7 25. Rf1+ 1-0

[Event "Early-Titled-Tuesday-Blitz-May-28-2024"]
[Site "Chess.com"]
[Date "2024.05.28"]
[Round "5"]
[White "aa175"]
[Black "Malev212"]
[Result "0-1"]
[WhiteElo "2812"]
[BlackElo "2642"]
[TimeControl "180+1"]
[EndTime "8:54:25 PDT"]
[Termination "Malev212 won by resignation"]

1. d4 d5 2. Bf4 Bg4 3. h3 Bh5 4. Qd3 c6 5. c4 Nf6 6. e3 Qa5+ 7. Qc3 Qb6 8. c5 Qd8 9. b4 Nbd7 10. b5 e5 11. Bg5 h6 12. Bh4 g5 13.
Bg3 Ne4 14. Qb2 Nxg3 15. fxg3 Bg7 16. g4 Bg6 17. Nf3 O-O 18. Be2 exd4 19. Nxd4 Nxc5 20. O-O Qe7 21. Rf3 Ne4 22. bxc6 bxc6 23. Nc3 Nxc3 24. Qxc3 c5 25. Qa3 Bxd4 26. exd4 Qxe2 0-1

[Event "Early-Titled-Tuesday-Blitz-May-28-2024"]
[Site "Chess.com"]
[Date "2024.05.28"]
[Round "5"]
[White "Root_21"]
[Black "Azeryahu"]
[Result "0-1"]
[WhiteElo "2679"]
[BlackElo "2931"]
[TimeControl "180+1"]
[EndTime "8:54:27 PDT"]
[Termination "Azeryahu won by resignation"]

1. e4 e5 2. Nf3 Nc6 3. Bb5 a6 4. Ba4 Nge7 5. O-O Ng6 6. c3 d5 7. exd5 Qxd5 8. d4 Bg4 9. Bb3 Bxf3 10. Bxd5 Bxd1 11. Bxc6+ bxc6 12. Rxd1 O-O-O 13. Be3 f5 14. f3 c5 15. d5 Ne7 16. c4 Nc6 17. Nc3 Nd4 18.
Rac1 Bd6 19. Kf2 Rhf8 20. a3 Kd7 21. b4 cxb4 22. axb4 Bxb4 23. Bxd4 exd4 24. Ne2 c5 25. dxc6+ Kxc6 26. Nxd4+ Rxd4 27. Rxd4 Bc5 28. Rd1 Rd8 29. Ke3 a5 30. g4 g6 31. h4 a4 32. h5 a3 33.
hxg6 hxg6 34. gxf5 gxf5 0-1

[Event "Early-Titled-Tuesday-Blitz-May-28-2024"]
[Site "Chess.com"]
[Date "2024.05.28"]
[Round "5"]
[White "luggevoila"]
[Black "amanjazu"]
[Result "0-1"]
[WhiteElo "2334"]
[BlackElo "2560"]
[TimeControl "180+1"]
[EndTime "8:54:27 PDT"]
[Termination "amanjazu won by resignation"]

1. e4 c5 2. Nf3 e6 3. c3 Nf6 4.
e5 Nd5 5. d4 cxd4 6. cxd4 d6 7.
Bc4 Nb6 8. Bd3 Nc6 9. O-O dxe5 10. dxe5 Be7 11. Qe2 Qc7 12. Qe4 Nb4 13. Bb5+ Bd7 14. Bxd7+ Qxd7 15. Nc3 N4d5 16. Ne2 h6 17. Bd2 O-O 18.
Rfd1 Qa4 19. Qd3 Qc4 20. Qxc4 Nxc4 21. b3 Nb2 22. Rdb1 Nd3 23. Ned4 Rfd8 24. Kf1 Bc5 25.
Be3 Nc3 0-1

[Event "Early-Titled-Tuesday-Blitz-May-28-2024"]
[Site "Chess.com"]
[Date "2024.05.28"]
[Round "5"]
[White "Stanbad1"]
[Black "alexrustemov"]
[Result "0-1"]
[WhiteElo "2634"]
[BlackElo "2829"]
[TimeControl "180+1"]
[EndTime "8:54:31 PDT"]
[Termination "alexrustemov won by resignation"]

1. d4 d5 2. Nc3 Nf6 3. Bf4 c5 4. e4 Nxe4 5. Nxe4 dxe4 6. dxc5 Qxd1+ 7. Rxd1 Nc6 8. Bc4 e5 9. Be3 f5 10. f4 exf4 11. Bxf4 Bxc5 12. Ne2 Bd7 13. Nc3 O-O-O 14. a3 Rhe8 15. b4 Bb6 16. Nb5 Be6 17. Bxe6+ Rxe6 18. Nd6+ Rdxd6 19. Rxd6 Rxd6 20. Bxd6 Kd7 21. Bf4 Ke6 22. Kd2 h6 23. c4 g5 24. Be3 Bxe3+ 25. Kxe3 Ke5 26. Rd1 f4+ 27. Ke2 Nd4+ 28. Kd2 g4 29.
Kc3 Ne2+ 30. Kd2 Nd4 31. Kc3 Nf5 32. Rd5+ Ke6 33. g3 f3 34. Kd2 e3+ 35. Ke1 h5 36. Rd8 h4 37. c5 hxg3 38. hxg3 f2+ 39. Ke2 Nxg3+ 40. Kxe3 f1=Q 0-1

[Event "Early-Titled-Tuesday-Blitz-May-28-2024"]
[Site "Chess.com"]
[Date "2024.05.28"]
[Round "5"]
[White "Manukyan_Artak"]
[Black "Kildepiotr"]
[Result "1/2-1/2"]
[WhiteElo "2576"]
[BlackElo "2744"]
[TimeControl "180+1"]
[EndTime "8:54:37 PDT"]
[Termination "Game drawn by repetition"]

1. e4 g6 2. d4 Bg7 3. Nc3 c6 4. Bg5 d5 5. exd5 cxd5 6. Qd2 Nc6 7. Nge2 Nf6 8. f3 h6 9. Be3 h5 10. O-O-O h4 11. Kb1 Bf5 12. Nf4 a6 13. Bd3 Qd7 14. g4 hxg3 15. hxg3 O-O-O 16. g4 Bxd3 17. Nxd3 Rxh1 18.
Rxh1 Rh8 19. Rxh8+ Bxh8 20. Bf4 Qd8 21. Ne5 Nxe5 22.
Bxe5 e6 23. Qf4 Nd7 24. Qxf7 Bxe5 25. dxe5 Qh4 26. a4 Qe1+ 27. Ka2 Qxe5 28. Qxg6 Nc5 29. g5 Qf4 30. Qe8+ Kc7 31. g6 Qc4+ 32. Kb1 Qf1+ 33. Ka2 Qc4+ 34. Kb1 Qf1+ 35. Ka2 Qc4+ 1/2-1/2